 Dungeon Crawl Stone Soup version 0.28.0 (webtiles) character file.

Game seed: 12697088566883584828

132902 emikaela the Brawler (level 16, -6/165 HPs)
             Began as a Troll Brigand on Feb 12, 2022.
             Was the Champion of Okawaru.
             Killed from afar by a deep elf knight (34 damage)
             ... with a shard of ice
             ... on level 2 of the Orcish Mines on Feb 13, 2022.
             The game lasted 02:19:22 (32206 turns).

emikaela the Brawler (Troll Brigand)               Turns: 32206, Time: 02:19:23

Health: -6/165     AC: 26    Str: 23    XL:     16   Next: 58%
Magic:  23/23      EV: 12    Int:  7    God:    Okawaru [******]
Gold:   2379       SH:  0    Dex: 15    Spells: 15/15 levels left

rFire   . . .      SeeInvis .     - Unarmed
rCold   . . .      Faith    +   (no shield)
rNeg    . . .      Spirit   .   w - +0 storm dragon scales
rPois   +          Reflect  .   U - +2 hat
rElec   +          Harm     .   y - +2 cloak {Will+}
rCorr   .          Rampage  .   (gloves unavailable)
Will    ++...                   (boots unavailable)
Stlth   +.........              V - amulet of faith {!P}
HPRegen 1.17/turn               k - +4 ring of protection
MPRegen 0.18/turn               F - ring of poison resistance

@: heroic, studying Spellcasting
A: large, unfitting armour, claws 3, regeneration 1, shaggy fur 1, tough skin 1,
clumsy 1
a: Renounce Religion, Heroism, Finesse, Duel


You were on level 2 of the Orcish Mines.
You worshipped Okawaru.
Okawaru was exalted by your worship.
You visited 7 branches of the dungeon, and saw 27 of its levels.
You also visited: Volcano.

You collected 3055 gold pieces.
You spent 676 gold pieces at shops.

Inventory:

Missiles
 d - 32 poisoned darts
 e - 15 curare-tipped darts {!f}
 j - 14 silver javelins
 n - 3 throwing nets {!f}
 s - 670 stones
 H - 14 atropa-tipped darts
 K - 13 boomerangs (quivered)
 Q - 46 large rocks
 W - 20 javelins
 X - 6 boomerangs of dispersal {!f}
Armour
 t - a +2 cloak of preservation
 w - +0 storm dragon scales (worn)
 y - a +2 cloak of willpower (worn)
 U - a +2 hat (worn)
Jewellery
 k - a +4 ring of protection (left claw)
 q - a ring of resist corrosion
 v - an amulet of reflection
 F - a ring of poison resistance (right claw)
 S - a +4 ring of protection
 T - a ring of ice
 V - an amulet of faith (around neck) {!P}
Wands
 A - a wand of acid (11)
 B - a wand of iceblast (22)
 G - a wand of digging (8)
 P - a wand of paralysis (1)
Scrolls
 f - 2 scrolls of fear
 g - 3 scrolls of fog
 h - 2 scrolls of holy word
 i - 3 scrolls of identify
 l - a scroll of blinking
 m - 3 scrolls of magic mapping
 o - 2 scrolls of brand weapon
 p - 7 scrolls of teleportation
 z - 3 scrolls of enchant armour
 C - 3 scrolls of silence {!r}
 I - a scroll of amnesia
 N - 3 scrolls of enchant weapon
Potions
 a - 4 potions of haste
 b - a potion of flight
 c - 6 potions of brilliance
 r - a potion of invisibility
 u - 5 potions of berserk rage {!q}
 x - 5 potions of curing
 D - 5 potions of mutation {!q}
 E - 4 potions of might
 J - 4 potions of lignification {!q}
 L - 3 potions of resistance
 R - a potion of magic
 Y - 3 potions of cancellation


   Skills:
 + Level 11.8(16.8) Fighting
 - Level 1.5(6.5) Short Blades
 + Level 12.9(17.9) Throwing
 * Level 6.8(11.8) Armour
 - Level 9.0(14.0) Dodging
 - Level 2.1(7.1) Stealth
 * Level 15.6(20.6) Unarmed Combat
 + Level 11.5 Invocations


You had 15 spell levels left.
You didn't know any spells.
Your spell library contained the following spells:

 Spells                   Type           Power      Damage    Failure   Level
 Foxfire                  Conj/Fire      0%         2x1d4     94%         1
 Magic Dart               Conj           0%         1d3       94%         1
 Pain                     Necr           0%         1d4       94%         1
 Shock                    Conj/Air       0%         1d3       94%         1
 Blink                    Tloc           0%         N/A       98%         2
 Corpse Rot               Necr/Air       0%         N/A       98%         2
 Poisonous Vapours        Pois/Air       0%         N/A       98%         2
 Searing Ray              Conj           0%         2d4       98%         2
 Conjure Flame            Conj/Fire      0%         6-21      100%        3
 Frozen Ramparts          Ice            0%         1d2       100%        3
 Gell's Gravitas          Tloc           0%         N/A       100%        3
 Inner Flame              Hex/Fire       0%         N/A       100%        3
 Lesser Beckoning         Tloc           0%         N/A       100%        3
 Ozocubu's Armour         Ice            0%         N/A       100%        3
 Swiftness                Air            0%         N/A       100%        3
 Teleport Other           Tloc           0%         N/A       100%        3
 Vampiric Draining        Necr           0%         2d6       100%        3
 Airstrike                Air            0%         N/A       100%        4
 Anguish                  Hex/Necr       0%         N/A       100%        4
 Flame Wave               Conj/Fire      0%         2d4       100%        4
 Fulminant Prism          Conj/Hex       0%         3d6       100%        4
 Ice Form                 Ice/Tmut       0%         N/A       100%        4
 Manifold Assault         Tloc           0%         N/A       100%        5
 Dispersal                Tloc           0%         N/A       100%        6
 Enfeeble                 Hex            0%         N/A       100%        7
 Ozocubu's Refrigeration  Ice            0%         4d5       100%        7
 Animate Skeleton         Necr           Unusable   N/A       N/A         1
 Tukima's Dance           Hex            Unusable   N/A       N/A         3
 Summon Ice Beast         Ice/Summ       Unusable   N/A       N/A         4

Dungeon Overview and Level Annotations

Branches:
Dungeon (15/15)            Temple (1/1) D:5            Lair (6/6) D:11
  Swamp (1/4) Lair:2       Spider (1/4) Lair:4        Slime (0/5) Lair:6
    Orc (2/2) D:9             Elf (1/3) Orc:2        Vaults (0/5) D:14
 Depths (0/4) D:15        Volcano (visited)

Altars:
Ashenzari
Cheibriados
Dithmenos
Elyvilon
Fedhas
Gozag
Hepliaklqana
Kikubaaqudgha
Makhleb
Nemelex Xobeh
Okawaru
Qazlal
Ru
Sif Muna
Trog
Uskayaw
Vehumet
Wu Jian
Xom
Yredelemnul
Zin
The Shining One
Beogh

Shops:
D:1 (   D:4 (   D:8 !(:=   Orc:1 (   Orc:2 [(=?   Elf:1 [[

Annotations:
D:3 1 runed translucent door, Anothat's ghost, amateur FoFi
Swamp:1 Louise


Innate Abilities, Weirdness & Mutations

You are too large for most types of armour.
You have claws for hands.
Your natural rate of healing is unusually fast.
You are covered in fur. (AC +1)
You have tough skin. (AC +1)
You are clumsy. (Dex -2)


Message History

The shard of ice hits you!! Something hits you but does no damage.
You claw something! Your claw misses something. Something hits you!
You barely miss something. Your claw misses something. Something hits you!!
You miss something. Something hits you but does no damage.
You gain the combat prowess of a mighty hero.
You hear some strange, mumbled words.
A shard of ice appears from out of thin air!
The shard of ice misses you.
You miss something. Something hits you but does no damage.
You completely miss something. Something hits you but does no damage.
You are poisoned.
You eviscerate something!!!
You feel sick.
You hear some strange, mumbled words.
A lance of force appears from out of thin air!
The lance of force hits you.
You are knocked back by the lance of force.
You feel sick.
You feel sick.
You feel sick.
You feel sick.
A shard of ice appears from out of thin air!
The shard of ice hits you!!
* * * LOW HITPOINT WARNING * * *
You feel sick.
You feel sick.
A deep elf knight appears from thin air!
Reactivating autopickup.
The deep elf knight points at you and mumbles some strange words.
The shard of ice misses you.
You feel sick.
You are no longer poisoned.
The deep elf knight gestures wildly while chanting.
The deep elf knight flickers and vanishes!
Deactivating autopickup; reactivate with Ctrl-A.
There is an escape hatch in the ceiling here.
Really go through this one-way escape hatch?
Magic restored.
A shard of ice appears from out of thin air!
The shard of ice hits you!!
You die...

........#.[.<....#...##.####.#...
.......#..[[[.##......#.###......
..........[.)..[.........##......
..........)))...........).#......
....#.........#.#............)...
..............####......#......).
..............).#.............#..
..............................#..
................@................
..........................#..)#..
.........................#...##.#
.#.......[.[.................#...
.........)..................###..
....................{.......#....
.......[..........)..............
........)................##....##
.......))<...............###.###


There were no monsters in sight!

Vanquished Creatures
  Saint Roka (Orc:2)
  Jorgrun (D:15)
  Kirke (D:14)
  A storm dragon (D:13)
  A fire giant (D:15)
  A ghost moth (Lair:4)
  A deep elf elementalist (Elf:1)
  A broodmother (shapeshifter) (Arena)
  Nessos (D:14)
  An eleionoma (Swamp:1)
  A dire elephant (Lair:6)
  An ettin (D:9)
  A deep elf high priest (D:13)
  A rakshasa (D:14)
  A catoblepas (Lair:4)
  2 ogre magi (Orc:2)
  3 boulder beetles
  3 centaur warriors
  12 hydras
  17 two-headed ogres
  A death knight (D:13)
  A merfolk avatar (Lair:6)
  An alligator (Swamp:1)
  A tengu warrior (D:14)
  4 dancing weapons
  14 death yaks
  Urug (D:14)
  Nergalle (D:11)
  4 deep elf knights
  2 deep trolls
  A goliath frog (Lair:2)
  A pharaoh ant (Arena)
  A swamp dragon (Swamp:1)
  2 deep elf archers
  5 bog bodies (Swamp:1)
  A sea snake (Lair:6)
  Pikel (D:6)
  A harpy (Lair:6)
  2 lindwurms
  2 wolf spiders
  14 deep elf pyromancers
  4 deep elf zephyrmancers (Elf:1)
  An oklob plant (D:11)
  3 orc sorcerers
  4 ugly things
  6 manticores
  2 will-o-the-wisps (Swamp:1)
  8 cyclopes
  5 elephants (Lair:5)
  A water nymph (shapeshifter) (D:13)
  A manticore (shapeshifter) (D:13)
  3 black mambas
  An eye of devastation (Lair:6)
  Maurice (D:10)
  9 cane toads
  3 gargoyles
  4 torpor snails
  5 demonic crawlers (Lair:4)
  2 kobold demonologists (D:11)
  A yaktaur (D:15)
  6 rime drakes
  14 komodo dragons
  13 trolls
  5 polar bears
  4 tyrant leeches
  A merfolk (D:10)
  A queen bee (Lair:3)
  A tarantella (Spider:1)
  2 wind drakes (Lair:6)
  A hornet (shapeshifter) (D:13)
  A bloated husk (Swamp:1)
  4 hornets
  18 blink frogs
  8 slime creatures
  2 jumping spiders (Spider:1)
  3 air elementals (Elf:1)
  2 shadows (D:10)
  49 yaks
  10 wyverns
  7 fire elementals (Volcano)
  A hog (shapeshifter) (D:13)
  3 basilisks
  A hog (D:14)
  4 steam dragons
  18 humans (D:14)
  5 wraiths
  16 vampire mosquitoes
  5 redbacks (Lair:4)
  3 wargs
  5 swamp worms
  12 water moccasins
  3 hell hounds (Volcano)
  A floating eye (Lair:6)
  17 orc warriors
  2 ice beasts
  3 necrophages
  19 ogres
  15 wolves
  2 black bears
  6 centaurs
  4 lemures (D:5)
  A phantom (D:6)
  4 kobold brigands
  An earth elemental (Elf:1)
  11 bullfrogs
  2 scorpions (D:5)
  A wyvern zombie (D:7)
  A water moccasin skeleton (D:6)
  21 killer bees
  2 troll skeletons (Swamp:1)
  8 wights
  2 bullfrog zombies
  4 centaur zombies
  2 jellies
  3 hounds
  Crazy Yiuf (D:5)
  11 orc priests
  An iguana (D:6)
  Natasha (twice) (D:2)
  14 orc wizards
  A killer bee zombie (D:8)
  3 hound skeletons (D:5)
  3 howler monkey zombies
  6 adders
  A shadow imp (D:5)
  A white imp (D:7)
  6 worms
  6 dart slugs
  52 orcs
  2 ball pythons
  13 endoplasms
  5 giant cockroaches
  11 goblins
  4 hobgoblins
  6 jackals
  12 kobolds
  A quokka (D:2)
  2 ball python skeletons (D:2)
  A ball python zombie (D:2)
  4 bats
  A frilled lizard (D:2)
  A quokka skeleton (D:2)
  9 rats
717 creatures vanquished.

Vanquished Creatures (others)
  A deep elf pyromancer (Volcano)
  A tengu conjurer (D:15)
  A bloated husk (Swamp:1)
  8 foxfires (Swamp:1)
  29 fungi
  43 plants
  4 toadstools (D:14)
87 creatures vanquished.

Grand Total: 804 creatures vanquished

Notes
Turn   | Place    | Note
-------+----------+-------------------------------------------
     0 | D:1      | emikaela the Troll Brigand began the quest for the Orb.
     0 | D:1      | Reached XP level 1. HP: 19/19 MP: 0/0
   127 | D:1      | Reached skill level 1 in Dodging
   185 | D:1      | Reached XP level 2. HP: 28/28 MP: 1/1
   190 | D:1      | Reached skill level 1 in Unarmed Combat
   287 | D:1      | Found Hiluit's Antique Weapon Shoppe.
   692 | D:1      | Reached XP level 3. HP: 35/35 MP: 2/2
  1079 | D:2      | Reached skill level 2 in Unarmed Combat
  1431 | D:2      | Reached XP level 4. HP: 42/42 MP: 3/3
  1521 | D:2      | Found a faded altar of an unknown god.
  1676 | D:2      | Noticed Natasha
  1698 | D:2      | Killed Natasha
  1745 | D:2      | Identified the +8 dagger "Quhosam" {freeze, Int+3}
  1847 | D:2      | Noticed Natasha
  1857 | D:2      | Killed Natasha
  2226 | D:3      | Found a runed translucent door.
  2228 | D:3      | Noticed an ogre
  2228 | D:3      | Noticed Anothat's ghost (amateur FoFi)
  2236 | D:3      | Reached XP level 5. HP: 50/50 MP: 4/4
  2331 | D:3      | Noticed a sky beast
  3072 | D:4      | Found a hide-covered altar of Uskayaw.
  3247 | D:4      | Found Ymocun Epedd's Antique Weapon Shop.
  3571 | D:4      | Noticed an ogre
  3575 | D:4      | Killed an ogre
  3576 | D:4      | Reached XP level 6. HP: 61/61 MP: 5/5
  3741 | D:5      | Entered Level 5 of the Dungeon
  3813 | D:5      | Noticed an ice beast
  3884 | D:4      | Killed an ice beast
  4060 | D:5      | Reached XP level 7. HP: 63/68 MP: 6/6
  4077 | D:5      | Found a staircase to the Ecumenical Temple.
  4095 | Temple   | Entered the Ecumenical Temple
  4162 | Temple   | Became a worshipper of Warmaster Okawaru
  4354 | D:5      | Found a hazy altar of Hepliaklqana.
  4521 | D:5      | Found a runed translucent door.
  4522 | D:5      | Noticed Crazy Yiuf
  4931 | D:5      | Reached * piety under Okawaru
  4932 | D:5      | Reached XP level 8. HP: 79/79 MP: 7/7
  5054 | D:5      | Killed Crazy Yiuf
  5192 | D:6      | Noticed Pikel
  5250 | D:5      | Reached skill level 5 in Throwing
  5408 | D:6      | Killed Pikel
  5409 | D:6      | Reached skill level 5 in Fighting
  5445 | D:6      | Reached ** piety under Okawaru
  5446 | D:6      | Reached skill level 5 in Dodging
  5783 | D:6      | Found a shadowy altar of Dithmenos.
  5787 | D:6      | Found a shimmering blue altar of Sif Muna.
  5794 | D:6      | Reached XP level 9. HP: 88/88 MP: 10/10
  6703 | D:8      | Found Elueduet's Jewellery Emporium.
  6872 | D:8      | Found Reuqomo's Weapon Boutique.
  7028 | D:8      | Reached *** piety under Okawaru
  7049 | D:8      | Identified the +6 spear of Honour {freeze, rF+ Int+2}
  7076 | D:8      | Noticed a two-headed ogre
  7110 | D:8      | Killed a two-headed ogre
  7110 | D:8      | Received a gift from Okawaru
  7110 | D:8      | Reached **** piety under Okawaru
  7136 | D:8      | Found an opulent altar of Gozag.
  7315 | D:8      | Received a gift from Okawaru
  7363 | D:8      | Found Talluah's Distillery.
  7368 | D:8      | Bought a potion of invisibility for 112 gold pieces
  7368 | D:8      | Bought a potion of heal wounds for 70 gold pieces
  7368 | D:8      | Bought a potion of flight for 42 gold pieces
  7371 | D:8      | Noticed a manticore
  7383 | D:8      | Killed a manticore
  7384 | D:8      | Reached XP level 10. HP: 42/100 MP: 8/11
  7594 | D:8      | Found Cuqucs's Book Shop.
  7770 | D:9      | Found a staircase to the Orcish Mines.
  8039 | D:9      | Reached ***** piety under Okawaru
  8072 | D:9      | Received a gift from Okawaru
  8252 | D:9      | Reached skill level 3 in Unarmed Combat
  8264 | D:9      | Received a gift from Okawaru
  8630 | D:9      | Found a glowing silver altar of Zin.
  8700 | D:9      | Noticed a gargoyle
  8891 | D:9      | Killed a gargoyle
  8892 | D:9      | Reached skill level 4 in Unarmed Combat
  9094 | D:9      | Noticed a two-headed ogre
  9103 | D:9      | Killed a two-headed ogre
  9149 | D:9      | Reached skill level 5 in Unarmed Combat
  9437 | D:10     | Entered Level 10 of the Dungeon
  9535 | Orc:1    | Entered Level 1 of the Orcish Mines
  9535 | Orc:1    | Noticed a two-headed ogre
  9535 | Orc:1    | Noticed an ettin
  9577 | D:10     | Reached XP level 11. HP: 107/111 MP: 12/12
  9650 | D:10     | Found a glowing golden altar of the Shining One.
  9654 | D:10     | Noticed a two-headed ogre
  9850 | D:10     | Found a broken altar of Ashenzari.
 10143 | D:10     | Noticed Maurice
 10167 | D:10     | Killed Maurice
 10311 | D:10     | Received a gift from Okawaru
 10410 | D:10     | Killed a two-headed ogre
 10807 | D:11     | Noticed a two-headed ogre
 10822 | D:11     | Killed a two-headed ogre
 10822 | D:11     | Received a gift from Okawaru
 10823 | D:11     | Reached skill level 6 in Unarmed Combat
 10934 | D:11     | Noticed a two-headed ogre
 10947 | D:11     | Killed a two-headed ogre
 11055 | D:11     | Noticed a two-headed ogre
 11084 | D:11     | Killed a two-headed ogre
 11156 | D:11     | Found a staircase to the Lair.
 11157 | D:11     | Noticed an oklob plant
 11175 | D:11     | Killed an oklob plant
 11184 | D:11     | Noticed a boulder beetle
 11212 | D:11     | Killed a boulder beetle
 11212 | D:11     | Identified the -3 hat of Sunlight {Contam rElec Str+4}
                  | (Okawaru gifted it to you on level 11 of the Dungeon)
 11212 | D:11     | Received a gift from Okawaru
 11212 | D:11     | Reached ****** piety under Okawaru
 11213 | D:11     | Reached skill level 7 in Unarmed Combat
 11453 | D:11     | Identified the +6 quarterstaff of Chaos {vorpal, rN+ Str+3}
 11760 | D:11     | Reached skill level 5 in Invocations
 11855 | D:11     | Noticed Nergalle
 11863 | D:11     | Noticed a spectral orc warlord
 12145 | D:11     | Reached skill level 8 in Unarmed Combat
 12385 | Lair:1   | Entered Level 1 of the Lair of Beasts
 12417 | Lair:1   | Noticed a six-headed hydra
 12490 | Lair:1   | Noticed a death yak
 12490 | Lair:1   | Noticed a death yak
 12591 | D:12     | Noticed a seven-headed hydra
 12613 | D:11     | Reached XP level 12. HP: 110/122 MP: 14/14
 12705 | D:12     | Noticed a boulder beetle
 13335 | D:12     | Received a gift from Okawaru
 13462 | D:12     | Killed a seven-headed hydra
 13463 | D:12     | Reached skill level 9 in Unarmed Combat
 13557 | D:12     | Received a gift from Okawaru
 13762 | Lair:1   | Noticed an eight-headed hydra
 13820 | Lair:1   | Noticed a death yak
 13848 | D:11     | Killed Nergalle
 13906 | Lair:1   | Noticed a death yak
 13907 | Lair:1   | Noticed a death yak
 13952 | Lair:1   | Noticed a death yak
 13982 | D:11     | Killed a death yak
 13982 | D:11     | Received a gift from Okawaru
 14130 | D:9      | Killed an ettin
 14199 | D:9      | Killed a two-headed ogre
 14290 | Orc:1    | Found Maloqoisovi's Weapon Emporium.
 14304 | Orc:1    | Bought 6 curare-tipped darts for 36 gold pieces
 14392 | Orc:1    | Reached skill level 10 in Throwing
 14410 | Orc:1    | Noticed a two-headed ogre
 14423 | Orc:1    | Killed a two-headed ogre
 14774 | Orc:2    | Entered Level 2 of the Orcish Mines
 14775 | Orc:2    | Noticed Saint Roka
 14891 | Orc:1    | Reached skill level 10 in Unarmed Combat
 15607 | Orc:2    | Killed Saint Roka
 15607 | Orc:2    | Received a gift from Okawaru
 15608 | Orc:2    | Reached XP level 13. HP: 45/131 MP: 10/17
 15788 | Orc:2    | Received a gift from Okawaru
 16074 | Orc:1    | Received a gift from Okawaru
 16186 | Orc:1    | Received a gift from Okawaru
 16283 | Orc:1    | Reached skill level 11 in Unarmed Combat
 16696 | Orc:2    | Found Puira's Antique Weapon Boutique.
 16698 | Orc:2    | Found Vyschueno's Antique Armour Shop.
 16915 | Orc:2    | Found Beunluu's Jewellery Shoppe.
 16923 | Orc:2    | Found Ezeom's Magic Scroll Shop.
 17022 | Orc:2    | Bought a scroll of teleportation for 36 gold pieces
 17022 | Orc:2    | Bought a scroll of enchant armour for 90 gold pieces
 17022 | Orc:2    | Bought a scroll of fog for 24 gold pieces
 17064 | Orc:2    | Found a staircase to the Elven Halls.
 17644 | D:13     | Received a gift from Okawaru
 17738 | D:13     | Received a gift from Okawaru
 17739 | D:13     | Reached skill level 10 in Fighting
 17921 | D:13     | Found the +7 pair of quick blades "Gyre" and "Gimble"
                  | {protect}
 17927 | D:13     | Noticed a storm dragon
 17956 | D:13     | Received a gift from Okawaru
 17957 | D:13     | Reached skill level 12 in Unarmed Combat
 18189 | D:11     | Reached XP level 14. HP: 141/143 MP: 20/20
 19123 | Lair:2   | Found a staircase to the Swamp.
 19332 | Lair:2   | Identified the +0 robe "Sasymp" {Will+ MP+9 Str-2 Dex+4}
                  | (Okawaru gifted it to you on level 2 of the Lair of Beasts)
 19332 | Lair:2   | Received a gift from Okawaru
 20776 | Lair:3   | Reached skill level 13 in Unarmed Combat
 21392 | Lair:3   | Reached skill level 10 in Invocations
 21703 | Lair:4   | Received a gift from Okawaru
 21984 | Lair:4   | Found a hole to the Spider Nest.
 22976 | Lair:5   | Reached XP level 15. HP: 98/152 MP: 21/21
 22983 | Lair:5   | Reached skill level 1 in Armour
 23095 | Lair:5   | Found a dark tunnel.
 23110 | Volcano  | Entered a volcano
 23221 | Volcano  | Received a gift from Okawaru
 23616 | Lair:5   | Found a snail-covered altar of Cheibriados.
 23733 | Lair:5   | Reached skill level 14 in Unarmed Combat
 24315 | Lair:6   | Entered Level 6 of the Lair of Beasts
 24708 | Lair:6   | Paralysed by a floating eye for 4 turns
 25339 | Lair:6   | Found a staircase to the Slime Pits.
 26067 | D:8      | Bought 2 potions of cancellation for 224 gold pieces
 26067 | D:8      | Bought a potion of curing for 42 gold pieces
 26263 | Swamp:1  | Entered Level 1 of the Swamp
 26302 | Swamp:1  | Received a gift from Okawaru
 26622 | Swamp:1  | HP: 4/154 [bog body (19)]
 27010 | Swamp:1  | Noticed Louise
 27177 | Spider:1 | Entered Level 1 of the Spider Nest
 27532 | Arena    | Entered the Arena
 27592 | Arena    | Entered the Arena
 27596 | Arena    | Received a gift from Okawaru
 27849 | D:13     | Reached skill level 5 in Armour
 27887 | Arena    | Entered the Arena
 27956 | D:13     | Killed a storm dragon
 27956 | D:13     | Received a gift from Okawaru
 28070 | D:13     | Identified the +9 flail "Poso" {pain, *Rage +Blink Str+4
                  | Dex+3}
 28119 | D:13     | Identified the +4 whip of the Morning {vorpal, Will+ Int+4}
 28156 | D:13     | Reached XP level 16. HP: 141/160 MP: 23/23
 28385 | D:13     | Received a gift from Okawaru
 28570 | D:14     | Noticed Nessos
 28570 | D:14     | Noticed Urug
 28570 | D:14     | Found a gate to the Vaults.
 28742 | D:14     | Reached skill level 15 in Unarmed Combat
 28787 | D:14     | Killed Nessos
 29048 | D:14     | Noticed Kirke
 29058 | D:14     | Killed Kirke
 29186 | D:14     | Found an opulent altar of Gozag.
 29483 | D:14     | Killed Urug
 29752 | D:15     | Entered Level 15 of the Dungeon
 29872 | D:15     | Found a staircase to the Depths.
 29918 | D:15     | Noticed Jorgrun
 29941 | D:15     | Killed Jorgrun
 29941 | D:15     | Received a gift from Okawaru
 30529 | D:15     | Received a gift from Okawaru
 31100 | Elf:1    | Entered Level 1 of the Elven Halls
 31339 | Elf:1    | Gained mutation: You are clumsy. (Dex -2) [a neqoxec]
 31525 | Elf:1    | Identified the +1 animal skin "Cecafod" {rC+} (Okawaru
                  | gifted it to you on level 1 of the Elven Halls)
 31525 | Elf:1    | Received a gift from Okawaru
 31831 | Elf:1    | Paralysed by an air elemental for 1 turns
 31834 | Elf:1    | Paralysed by an air elemental for 1 turns
 31867 | Elf:1    | Found Ixuok's Armour Boutique.
 31975 | Elf:1    | Found Tasel's Armour Shoppe.
 32206 | Orc:2    | Killed from afar by a deep elf knight

Illustrated notes

Levels and vault maps discovered:
D:1:      dpeg_arrival_boxes_within_box, layout_loops_ring, serial_shops, shop
D:2:      layout_basic, shapermc_ecumenical_altar_mp_vishouse, serial_undead,
          serial_undead_c, serial_undead_a, serial_undead_c, serial_undead_c,
          kennysheep_potato, uniq_natasha
D:3:      layout_loops_ring, ebering_ghost_inner_flame, lightli_corner_chamber
D:4:      layout_basic, nicolae_uskayaw_dance_hall, serial_shops,
          nicolae_take_the_stairs
D:5:      layout_basic, mainiacjoe_overflow_small_starburst,
          minmay_temple_entry_water_ring, uniq_crazy_yiuf_cottage
D:6:      layout_cave_pods, nicolae_overflow_squiral, uniq_pikel
D:7:      layout_cave_pools
D:8:      layout_loops_ring, old_standard_altar, serial_shops,
          nicolae_shop_hallway_plus, kennysheep_mini, shop,
          nicolae_stop_n_shop_1, hangedman_decor_clover_reticule,
          minmay_misc_feat_chi, skrybe_limestone_x, minmay_between
D:9:      layout_loops_corners, nicolae_overflow_crystal_walls, david_orc_3,
          kennysheep_dice
D:10:     layout_irregular_city, cheibrodos_ashenzari_chains,
          mainiacjoe_overflow_tiny_flanked, hangedman_fish_farm, uniq_maurice
D:11:     layout_irregular_city, dpeg_oklobed_lair, uniq_nergalle
D:12:     layout_gridville
D:13:     minmay_complete_graph, layout_basic
D:14:     nicolae_BIG_FREAKIN_CUBE, layout_basic, david_vaults_3,
          minmay_gold_behind_fungi, grunt_gozag_breadcrumbs, uniq_kirke
D:15:     grunt_enter_depths_giant_problem, layout_basic, minmay_crystal_room,
          uniq_jorgrun
Temple:   jpeg_temple_clearing
Lair:1:   layout_gridlike, lemuel_fruit_fields, grunt_megastairs_4
Lair:2:   layout_regular_city, minmay_swamp_entry_worms, pond
Lair:3:   layout_small_grid, special_room [special_room_bee]
Lair:4:   layout_small_grid, dummy_spider_entry, grunt_megastairs_2
Lair:5:   layout_cave_pods, nicolae_volcano_entry_vermiform,
          kennysheep_snail_temple, infiniplex_staircase_pool_2
Lair:6:   gammafunk_lair_ancient_temple, layout_regular_city,
          minmay_slime_entry_eyes
Swamp:1:  nicolae_swamp_wrong_neighborhood, layout_falls_marsh,
          evilmike_swamp_ruin_rubble_1, cheibrodos_swamp_minitomb, uniq_louise
Spider:1: hangedman_creepy_crawlies, portal_ice_cave_entry_frozen_things,
          guppyfry_spider_mini_2
Orc:1:    layout_caves, serial_shops, nicolae_shop_bloodbath_and_beyond,
          basic_altar
Orc:2:    st_orc_open, layout_caves, basic_altar, uniq_saint_roka
Elf:1:    elf_arrival_001, layout_loops_cross, serial_shops, nicolae_shop_stone,
          nicolae_shop_trees, minivault_28

Skill      XL: |  1  2  3  4  5  6  7  8  9 10 11 12 13 14 15 16 |
---------------+-------------------------------------------------+-----
Dodging        | 1 2 3 4 5 6 7 8 9 |  9.0
Unarmed Combat | 1 2 5 8 10 12 13 14 15 | 15.6
Throwing       | 2 3 4 5 7 8 9 10 11 12 | 12.9
Fighting       | 2 3 4 5 6 7 8 9 10 11 | 11.8
Invocations    | 2 3 5 7 9 10 11 | 11.5
Armour         | 5 6 |  6.8
Short Blades   | |  1.5
Stealth        | |  2.1

Action                   |  1- 3 |  4- 6 |  7- 9 | 10-12 | 13-15 | 16-18 || total
-------------------------+-------+-------+-------+-------+-------+-------++-------
Melee: Dagger            |   187 |   136 |   255 |   391 |       |       ||   969
       Punch             |     2 |     3 |     9 |    53 |   155 |    38 ||   260
       Unarmed           |       |       |       |   433 |  1332 |   386 ||  2151
Throw: Dart              |     1 |     2 |    15 |    46 |     4 |       ||    68
       Stone             |       |    12 |    14 |    53 |   169 |       ||   248
       Javelin           |       |       |       |    15 |     8 |       ||    23
       Boomerang         |       |       |       |    22 |   125 |       ||   147
       Large rock        |       |       |       |     3 |     9 |       ||    12
Invok: Heroism           |       |       |     1 |     5 |     5 |     5 ||    16
       Finesse           |       |       |       |     2 |     1 |       ||     3
       Duel              |       |       |       |       |     3 |       ||     3
  Use: Scroll            |       |     4 |     5 |    11 |     5 |     2 ||    27
       Potion            |       |       |       |     3 |    12 |       ||    15
 Stab: Sleeping          |     8 |     6 |     4 |     4 |     1 |       ||    23
       Invisible         |       |       |       |     2 |       |       ||     2
       Distracted        |       |       |       |       |       |     1 ||     1
Armor: Robe              |    57 |    41 |   104 |    93 |       |       ||   295
       Steam dragon scal |       |       |       |   254 |   274 |       ||   528
       Storm dragon scal |       |       |       |       |   442 |   167 ||   609
Dodge: Dodged            |    63 |    64 |   156 |   449 |   688 |   100 ||  1520
